AoeStats
← Santi Povs

Arena

508330603Analyzed
4v4 RM · 11d ago on Sep 22, 2026· 76m 5s· 8 players
Game mode
Random Map
Map size
Large (8 player)
Population
200
Speed
Normal
Resources
Standard
Victory
Conquest
Starting age
Dark Age
Ending age
Imperial Age
RankedLock teamsTeams togetherTeam positionsShared explorationLock speedFull tech treeHidden civsTurbo modeCheats
Victory
Defeat
🇺🇸 Khmer · United States
905
+18
🇦🇺 Hindustanis · Australia
900
+18
🇹🇼 Turks · Taiwan
883
+19
🇫🇷 Lithuanians · France
873
+19
🇨🇴 Poles · Colombia
981
-20
🇨🇴 Celts · Colombia
975
-21
🇨🇴 Georgians · Colombia
940
-18
🇨🇴 Khmer · Colombia
864
-15
Anipazronkin
0:29 Loom
1:56 Loom
2:31 Loom
2:47 Loom
3:06 Loom
3:30 Loom
3:54 Loom
14:59 Feudal Age
17:06 Wheelbarrow
16:17 Town Watch
16:36 Double-Bit Axe
18:18 Horse Collar
21:19 Castle Age
20:36 Stone Mining
20:39 Gold Mining
22:15 Hand Cart
22:13 Bow Saw
22:05 Heavy Plow
29:19 Stone Shaft Mining
29:21 Gold Shaft Mining
32:41 Imperial Age
31:15 Fletching
31:36 Forging
31:31 Scale Barding Armor
31:28 Padded Archer Armor
33:50 Conscription
33:07 Elite Ballista Elephant
37:18 Crop Rotation
36:50 Double Crossbow
37:11 Conscription
37:23 Husbandry
37:33 Bloodlines
37:50 Parthian Tactics
37:25 Bodkin Arrow
38:29 Hoardings
38:51 Sappers
40:36 Town Watch
41:41 Tusk Swords
41:46 Town Patrol
42:57 Chemistry
41:53 Murder Holes
42:03 Siege Engineers
42:09 Masonry
42:31 Elite Battle Elephant
44:42 Chain Barding Armor
44:57 Iron Casting
44:39 Leather Archer Armor
52:26 Caravan
55:40 Plate Barding Armor
55:35 Ring Archer Armor
55:49 Plate Barding Armor
55:44 Ring Archer Armor
55:14 Bracer
56:15 Blast Furnace
70:26 Architecture
70:17 Ballistics
75:09 Spies/Treason
noremorse
10:45 Feudal Age
10:02 Loom
15:08 Castle Age
16:54 Double-Bit Axe
20:24 Bow Saw
23:51 Wheelbarrow
25:06 Hand Cart
24:51 Horse Collar
26:26 Gold Mining
26:29 Stone Mining
27:43 Heavy Plow
32:03 Imperial Age
31:40 Scale Barding Armor
31:45 Forging
32:22 Gold Shaft Mining
31:58 Husbandry
32:09 Bloodlines
32:01 Town Watch
32:06 Heavy Camel Rider
34:03 Two-Man Saw
33:32 Chain Barding Armor
33:36 Conscription
33:59 Imperial Camel Rider
36:16 Plate Barding Armor
36:16 Iron Casting
37:03 Caravan
46:42 Elite Ghulam
57:34 Pikeman
58:17 Squires
58:03 Arson
60:21 Blast Furnace
59:23 Scale Mail Armor
63:16 Grand Trunk Road
63:57 Hoardings
68:46 Spies/Treason
robin-21
0:45 Loom
10:28 Feudal Age
10:59 Double-Bit Axe
10:56 Horse Collar
13:42 Gold Mining
17:56 Castle Age
19:20 Husbandry
21:10 Heavy Plow
23:42 Wheelbarrow
27:09 Bow Saw
27:09 Stone Mining
33:09 Imperial Age
31:58 Hand Cart
32:16 Bloodlines
32:14 Scale Barding Armor
34:21 Conscription
33:28 Elite Leitis
34:36 Forging
36:59 Two-Man Saw
36:32 Crop Rotation
37:18 Caravan
38:12 Chain Barding Armor
38:28 Iron Casting
37:38 Onager
39:35 Plate Barding Armor
42:51 Fortified Wall
42:52 Masonry
43:57 Hoardings
56:57 Fletching
57:08 Padded Archer Armor
58:45 Chemistry
61:21 Thumb Ring
60:44 Elite Skirmisher
68:28 Spies/Treason
TAE_YANG
10:45 Feudal Age
11:02 Loom
15:22 Castle Age
13:41 Double-Bit Axe
13:55 Horse Collar
17:09 Heavy Plow
17:51 Bow Saw
23:03 Wheelbarrow
25:53 Gold Mining
26:59 Stone Mining
30:29 Imperial Age
28:06 Padded Archer Armor
29:15 Hand Cart
29:17 Leather Archer Armor
28:53 Fletching
29:06 Treadmill Crane
29:48 Ballistics
29:24 Murder Holes
29:38 Scale Mail Armor
29:48 Forging
29:52 Squires
29:38 Arson
31:25 Fortified Wall
31:42 Thumb Ring
32:04 Parthian Tactics
31:43 Bodkin Arrow
32:19 Ring Archer Armor
32:01 Scale Barding Armor
34:58 Gold Shaft Mining
35:18 Bracer
35:41 Chain Barding Armor
36:38 Guilds
36:28 Caravan
39:03 Plate Barding Armor
39:04 Iron Casting
38:42 Masonry
40:16 Architecture
40:08 Husbandry
40:19 Bloodlines
48:04 Conscription
47:45 Artillery
54:33 Blast Furnace
57:13 Bombard Tower
68:44 Town Watch
74:30 Spies/Treason
75:42 Chain Mail Armor
74:49 Man-at-Arms
75:18 Arrowslits
75:24 Guard Tower
74:57 Elite Janissary
75:58 Sipahi
GozaComoDuran
11:07 Feudal Age
15:37 Castle Age
14:03 Double-Bit Axe
17:32 Bow Saw
18:04 Scale Barding Armor
18:10 Forging
21:21 Gold Mining
22:56 Wheelbarrow
23:55 Bloodlines
24:09 Chain Barding Armor
24:25 Iron Casting
25:24 Horse Collar
26:27 Hand Cart
25:48 Light Cavalry
26:29 Husbandry
28:13 Loom
29:41 Stone Mining
32:36 Imperial Age
32:08 Heavy Plow
34:21 Chemistry
32:47 Winged Hussar
35:08 Blast Furnace
35:00 Stone Shaft Mining
36:08 Ballistics
36:02 Scale Mail Armor
37:04 Chain Mail Armor
37:12 Conscription
38:02 Lechitic Legacy
38:43 Plate Mail Armor
40:13 Squires
39:59 Arson
40:55 Pikeman
41:48 Treadmill Crane
42:04 Murder Holes
42:14 Elite Obuch
56:02 Fortified Wall
63:29 Padded Archer Armor
63:20 Fletching
63:58 Bombard Tower
El Ogro
13:17 Feudal Age
17:04 Castle Age
18:04 Wheelbarrow
22:59 Horse Collar
25:11 Double-Bit Axe
27:58 Heavy Plow
28:11 Bow Saw
29:31 Hand Cart
29:53 Bloodlines
33:40 Imperial Age
31:59 Ballistics
31:56 Forging
31:52 Scale Barding Armor
34:23 Iron Casting
34:09 Chain Barding Armor
34:20 Capped Ram
35:27 Conscription
36:11 Chemistry
37:26 Blast Furnace
37:02 Plate Barding Armor
36:40 Aznauri Cavalry
36:51 Light Cavalry
39:05 Gold Mining
38:46 Elite Monaspa
42:55 Scale Mail Armor
42:31 Pikeman
43:55 Chain Mail Armor
43:17 Halberdier
46:29 Plate Mail Armor
50:45 Svan Towers
51:20 Squires
51:06 Arson
60:39 Cavalier
Santi Povs
11:06 Feudal Age
14:47 Castle Age
13:19 Double-Bit Axe
17:04 Loom
22:46 Bow Saw
22:39 Loom
22:41 Town Watch
23:47 Wheelbarrow
23:55 Forging
24:40 Scale Barding Armor
25:52 Iron Casting
25:34 Husbandry
26:24 Chain Barding Armor
27:58 Horse Collar
30:34 Hand Cart
36:39 Imperial Age
35:31 Gold Mining
35:40 Stone Mining
35:56 Scale Mail Armor
35:59 Heavy Plow
36:56 Gold Shaft Mining
37:06 Stone Shaft Mining
39:06 Blast Furnace
38:23 Chain Mail Armor
37:35 Onager
38:01 Heavy Scorpion
40:34 Chemistry
39:40 Siege Engineers
40:54 Pikeman
41:03 Siege Onager
42:35 Plate Mail Armor
41:49 Halberdier
59:57 Capped Ram
63:37 Siege Ram
NickyCash
11:04 Feudal Age
10:12 Loom
16:23 Castle Age
15:10 Stone Mining
15:46 Double-Bit Axe
16:12 Horse Collar
17:17 Gold Mining
27:46 Wheelbarrow
30:50 Fortified Wall
30:36 Murder Holes
34:57 Imperial Age
34:14 Hand Cart
35:40 Heavy Plow
35:54 Bow Saw
36:21 Gold Shaft Mining
37:01 Conscription
39:58 Chemistry
39:07 Town Watch
40:10 Siege Engineers
40:39 Crop Rotation
40:49 Town Patrol
42:34 Double Crossbow
43:18 Heavy Scorpion
59:21 Light Cavalry
71:04 Husbandry
71:14 Bloodlines
Connection lost

Rejoining the realm…

Still unreachable

The connection could not be restored.

Session expired

The server has moved on; the page needs a fresh start.